Map: King Sejong Station LE

Players

Tholor

  • Race: Terran Terran
  • League: Master

TwisteR - Winner!

  • Race: Terran Terran
  • League: Master

VOD

Have the link to the VOD?

Description

Time

  • Played on: Oct. 9, 2016, 12:08 p.m.
  • Length: 19:41
Show
View Real Time Build Order
Export as new Build Order

Tholor Terran 

Build Orders: Mech 

Get SALT Encoding   

  12  0:00  SCV  
  13  0:12  SCV  
  14  0:17  Supply Depot  
  14  0:24  SCV  
  14  0:28  Refinery  
  15  0:38  SCV  
  16  0:45  Barracks  
  16  0:50  SCV  
  17  1:02  SCV  
  18  1:15  SCV  
  19  1:32  Orbital Command  
  19  1:33  Factory  
  19  1:47  Reaper  
  19  1:52  Supply Depot  
  20  1:58  SCV  
  21  2:05  Command Center  
  21  2:10  SCV  
  22  2:16  Hellion  
  22  2:19  Reaper  
  25  2:22  SCV  
  25  2:28  Refinery  
  25  2:44  SCV  
  25  2:45  Hellion  
  28  2:55  Reaper  
  28  2:56  SCV  
  30  3:00  Starport  
  30  3:11  SCV  
  31  3:31  Hellion  
  31  3:39  SCV, Orbital Command  
  32  3:42  Viking  
  32  3:43  Barracks Tech Lab  
  34  3:51  SCV  
  34  3:52  Hellion, Engineering Bay  
  36  4:07  SCV x2  
  38  4:20  Missile Turret  
  38  4:21  SCV x2  
  40  4:28  Missile Turret  
  40  4:29  Siege Tank, Viking  
  45  4:33  SCV  
  45  4:34  Supply Depot  
  46  4:47  SCV  
  46  4:48  SCV, Factory  
  45  4:59  SCV  
  46  5:00  SCV  
  47  5:08  Siege Tank, Viking  
  47  5:11  SCV  
  47  5:12  SCV  
  54  5:19  Supply Depot x2  
  54  5:22  Refinery  
  54  5:23  Refinery  
  54  5:30  Supply Depot  
  54  5:35  Factory Reactor  
  54  5:40  SCV x2  
  54  5:53  SCV x2  
  54  5:55  Viking  
  54  5:56  Siege Tank  
  59  6:05  SCV  
  60  6:11  Supply Depot  
  60  6:13  Supply Depot  
  60  6:16  Command Center  
  60  6:19  Hellion x2  
  60  6:20  Infernal Pre-Igniter  
  60  6:24  SCV x2  
  66  6:36  Siege Tank  
  66  6:37  Viking  
  66  6:38  SCV x2  
  73  6:52  SCV x2  
  75  6:57  Hellion x2  
  75  6:58  Supply Depot, Factory  
  79  7:04  SCV  
  79  7:07  Sensor Tower  
  80  7:14  Siege Tank  
  83  7:19  Viking  
  89  7:23  Hellion x2  
  89  7:25  SCV x2  
  89  7:27  Supply Depot  
  91  7:31  Orbital Command  
  91  7:41  SCV  
  91  7:42  SCV  
  91  7:43  Factory Tech Lab  
  93  7:46  Starport  
  93  7:54  SCV x2  
  93  7:55  Supply Depot  
  95  8:00  Siege Tank  
  95  8:01  Hellion x2  
  101  8:06  Siege Tank  
  101  8:07  SCV x2  
  101  8:08  SCV  
  109  8:16  Starport Tech Lab  
  107  8:21  Supply Depot, Armory  
  107  8:22  SCV x2  
  107  8:24  Starport Tech Lab  
  109  8:32  Siege Tank  
  109  8:33  Hellion x2  
  116  8:43  Siege Tank  
  116  8:44  Explosive Shrapnel Shells  
  119  8:48  Supply Depot  
  119  8:58  Orbital Command  
  119  9:02  Hellion x2  
  123  9:03  Raven  
  123  9:31  SCV  
  123  9:32  SCV x2  
  123  9:36  Supply Depot  
  126  9:43  Siege Tank x2  
  126  9:44  Hellion x2, Raven  
  126  9:45  Terran Vehicle Weapons Level 1  
  138  9:48  Supply Depot  
  138  9:50  Supply Depot, Refinery  
  137  9:53  Refinery  
  137  10:01  Supply Depot, Sensor Tower, Command Center  
  137  10:07  Armory  
  137  10:15  Siege Tank  
  137  10:16  Hellion x2  
  144  10:41  Siege Tank, Hellion  
  144  10:42  Hellion  
  149  10:47  Siege Tank  
  152  10:51  Supply Depot  
  152  10:56  Corvid Reactor  
  152  11:03  Hellion  
  154  11:06  Missile Turret  
  154  11:07  Missile Turret  
  154  11:08  Missile Turret  
  154  11:10  Missile Turret  
  154  11:12  Terran Vehicle And Ship Armor Level 1  
  154  11:13  Siege Tank, Viking x2  
  154  11:16  Supply Depot  
  161  11:18  Supply Depot  
  161  11:20  Supply Depot  
  144  12:19  Siege Tank x2, Hellion x2  
  144  12:21  Raven  
  144  12:22  Raven  
  158  12:23  Terran Vehicle Weapons Level 2  
  158  12:34  Missile Turret x2  
  158  12:35  Missile Turret  
  117  13:10  Siege Tank x2  
  117  13:11  Hellion x2  
  127  13:21  Viking x2  
  131  13:34  Factory  
  131  13:35  Building Armor  
  131  13:36  Factory, Missile Turret  
  131  13:37  Missile Turret  
  131  13:38  Missile Turret  
  131  13:42  Siege Tank  
  131  13:43  Siege Tank  
  137  13:49  Planetary Fortress  
  137  13:56  Refinery  
  137  13:58  Refinery  
  137  13:59  Terran Vehicle And Ship Armor Level 2  
  137  14:01  Hellion x2  
  141  14:19  Starport x2  
  141  14:21  Command Center  
  141  14:29  Starport  
  141  14:31  Starport, Factory Tech Lab  
  141  14:32  Factory Reactor  
  141  14:36  Siege Tank x2  
  141  14:38  Viking  
  149  14:40  Supply Depot  
  145  14:53  Missile Turret  
  145  14:56  Missile Turret  
  145  14:57  Siege Tank, Missile Turret  
  145  14:58  Hellion x2, Missile Turret  
  145  14:59  Terran Ship Weapons Level 1  
  152  15:01  Starport Tech Lab  
  152  15:08  Siege Tank  
  152  15:12  Command Center  
  155  15:17  Hellion, Starport Reactor, Starport Tech Lab x2  
  151  15:42  Siege Tank x3  
  160  15:43  Hellion x4  
  168  15:52  Raven x2  
  168  15:53  Viking  
  174  15:58  Missile Turret  
  174  16:11  Barracks  
  164  16:38  Raven x2  
  164  16:39  Raven x2  
  170  16:48  Missile Turret x2  
  170  16:52  Siege Tank  
  170  16:53  Hellion x5  
  170  16:54  Hellion  
  185  17:07  Missile Turret  
  185  17:14  Hellion  
  187  17:18  Raven  
  187  17:20  Missile Turret  
  187  17:21  Raven  
  191  17:32  Orbital Command  
  191  17:39  Missile Turret  
  191  17:43  Missile Turret  
  191  18:08  Viking x2  
  191  18:09  Viking x2  
  100  19:14  Hellion x3  
Show
View Real Time Build Order
Export as new Build Order

TwisteR Terran - Winner!

Build Orders: Liberator Opening, Reaper Expand, Bio Tank 

Get SALT Encoding   

  12  0:01  SCV  
  13  0:13  SCV  
  14  0:19  Supply Depot  
  14  0:25  SCV  
  15  0:41  SCV  
  16  0:42  Barracks  
  16  0:45  Refinery  
  16  0:53  SCV  
  17  1:05  SCV  
  18  1:19  SCV  
  19  1:32  Orbital Command, Reaper  
  20  1:48  Command Center  
  20  2:00  SCV  
  21  2:03  Marine  
  21  2:05  Supply Depot  
  22  2:13  SCV  
  22  2:14  Factory  
  23  2:26  Marine  
  23  2:27  SCV  
  25  2:41  SCV  
  25  2:44  Marine  
  26  2:55  SCV  
  26  2:57  Refinery  
  29  2:58  Hellion  
  29  2:59  Starport  
  29  3:02  Marine, Orbital Command  
  30  3:16  SCV  
  33  3:20  Marine  
  33  3:21  Liberator  
  33  3:25  Factory Tech Lab  
  32  3:28  SCV  
  32  3:38  Marine  
  32  3:40  SCV  
  37  3:51  Hellion, Command Center  
  39  3:55  SCV  
  39  3:59  Supply Depot  
  40  4:04  Marine  
  40  4:05  SCV  
  41  4:10  Engineering Bay  
  41  4:14  Cyclone  
  41  4:16  SCV  
  46  4:22  Marine  
  47  4:25  Viking  
  47  4:26  SCV  
  47  4:31  Supply Depot  
  50  4:35  SCV  
  51  4:38  SCV  
  52  4:47  SCV, Barracks Reactor  
  52  4:52  Siege Tank  
  56  4:54  SCV  
  56  4:57  Missile Turret  
  56  4:58  Supply Depot  
  56  4:59  SCV  
  58  5:00  Orbital Command  
  58  5:01  Viking  
  60  5:10  Orbital Command  
  60  5:30  Marine x2  
  60  5:31  Siege Tank, Refinery  
  60  5:34  SCV x2  
  67  5:40  Starport Reactor  
  67  5:46  SCV  
  67  5:49  Barracks  
  68  5:51  Barracks  
  68  5:52  SCV  
  68  5:53  Marine x2  
  71  6:02  Barracks  
  71  6:05  Siege Tank  
  71  6:06  SCV  
  71  6:11  Missile Turret, Refinery  
  72  6:16  Supply Depot  
  72  6:17  Barracks  
  72  6:19  SCV, Terran Infantry Weapons Level 1  
  72  6:21  SCV  
  72  6:23  SCV  
  75  6:28  Marine  
  75  6:29  Marine  
  75  6:31  SCV  
  78  6:33  SCV  
  78  6:35  SCV, Starport Reactor  
  78  6:37  Barracks Tech Lab x2  
  80  6:43  SCV  
  80  6:46  Siege Tank  
  84  6:48  Marine x2  
  84  6:49  SCV, Barracks Reactor  
  84  6:51  Supply Depot  
  87  6:56  Marine, Stimpack  
  87  6:57  SCV, Marine, Orbital Command  
  87  7:01  Combat Shields  
  90  7:06  Marine x2  
  90  7:08  SCV  
  93  7:09  Barracks Tech Lab  
  93  7:12  Supply Depot  
  93  7:13  Supply Depot  
  93  7:14  SCV, Marine  
  95  7:20  SCV  
  95  7:22  Marine x2  
  98  7:23  Siege Tank  
  98  7:27  Supply Depot  
  101  7:30  Engineering Bay  
  101  7:31  Armory  
  101  7:33  Medivac  
  101  7:34  SCV x3  
  106  7:41  Marine x4  
  110  7:46  SCV  
  110  7:48  Concussive Shells  
  110  7:49  Marine, Marauder x2  
  116  7:54  SCV, Supply Depot  
  116  7:55  SCV  
  118  7:59  Marine  
  118  8:01  Marine x2  
  118  8:02  Marine  
  118  8:04  Terran Infantry Armor Level 1  
  122  8:06  SCV  
  122  8:07  Marine  
  122  8:09  Supply Depot  
  124  8:13  Marine  
  124  8:16  Siege Tank, Medivac  
  130  8:20  Supply Depot  
  130  8:22  SCV x2, Supply Depot, Refinery  
  130  8:23  SCV  
  130  8:26  Supply Depot  
  133  8:29  Supply Depot  
  133  8:30  Terran Infantry Weapons Level 2  
  133  8:33  Marine x3  
  136  8:35  Marine x2  
  136  8:39  Marauder  
  140  8:42  Marauder  
  140  8:47  Supply Depot  
  142  8:49  Siege Tank  
  142  8:50  Supply Depot  
  142  8:51  Marine  
  142  8:53  Marauder  
  142  8:54  Marine x3  
  142  8:55  Refinery  
  151  9:01  Marine  
  152  9:04  Marauder  
  152  9:09  Marine  
  155  9:12  Marine  
  155  9:16  Medivac  
  154  9:17  Barracks, Medivac  
  154  9:18  Marine, Factory, Marauder  
  154  9:20  Marine  
  154  9:21  Marauder  
  158  9:24  Marine  
  158  9:32  Marine  
  158  9:33  Marine  
  158  9:34  Siege Tank  
  158  9:37  Supply Depot  
  163  9:40  Marauder  
  163  9:44  Starport  
  165  9:46  Medivac  
  165  9:48  Bunker  
  165  9:49  Supply Depot, Marine  
  168  9:53  Supply Depot  
  168  9:56  Marine x2, Marauder  
  168  9:57  Marine x2  
  174  10:01  Marauder  
  176  10:12  Marine  
  176  10:13  Marine  
  178  10:15  Supply Depot  
  178  10:16  Supply Depot, Terran Vehicle Weapons Level 1, Marauder, Factory Tech Lab  
  178  10:17  Barracks Tech Lab  
  178  10:19  Terran Infantry Armor Level 2  
  180  10:29  Marine x2  
  180  10:30  Marauder  
  183  10:36  Marine x2  
  183  10:37  Marauder  
  183  10:41  Marine x2  
  189  10:44  Siege Tank  
  189  10:47  Marine  
  193  10:51  Marine, Marauder  
  193  10:55  Starport Tech Lab  
  196  10:58  Marauder  
  196  11:03  Command Center  
  198  11:18  Marine  
  199  11:21  Marine  
  200  11:45  Command Center  
  193  12:11  Marine x2  
  193  12:12  Marine x2, Marauder  
  193  12:13  Marauder  
  196  12:18  Marine, Marauder  
  199  12:29  Marine  
  105  13:00  Marine x4  
  105  13:01  Marauder  
  91  13:05  Terran Infantry Weapons Level 3  
  91  13:06  Terran Infantry Armor Level 3  
  91  13:08  Marine  
  91  13:09  Marine, Marauder  
  91  13:12  Siege Tank x2  
  97  13:16  Medivac x3  
  97  13:18  Marine x2  
  105  13:23  Barracks x2, Marauder  
  105  13:24  Marine  
  105  13:25  Terran Ship Weapons Level 1, Starport  
  110  13:27  Marauder x2  
  110  13:28  Marine  
  110  13:30  Starport  
  110  13:32  Marine  
  114  13:37  Marine  
  114  13:39  Marine  
  116  13:44  Siege Tank, Marauder  
  116  13:46  Medivac  
  116  13:47  Marine  
  126  13:48  Marauder  
  126  13:49  Medivac  
  126  13:52  Planetary Fortress  
  128  14:01  Marine x2  
  128  14:02  Marauder  
  132  14:04  Marine x2  
  132  14:08  Marine x2  
  136  14:16  Marine  
  137  14:17  Medivac  
  137  14:19  Marine  
  137  14:23  Marine x2, Marauder x2  
  146  14:29  Marine, Marauder  
  149  14:34  Marauder  
  147  14:49  Marine, Marauder  
  147  14:51  Marine x2  
  147  14:52  Marauder, Medivac x2  
  158  14:53  Planetary Fortress  
  158  14:55  Supply Depot  
  158  14:56  Supply Depot  
  158  15:00  Barracks Tech Lab  
  158  15:01  Barracks Tech Lab  
  158  15:02  Starport Reactor, Starport Tech Lab  
  158  15:11  Marine x2  
  158  15:12  Marauder  
  158  15:13  Marine, Marauder  
  165  15:16  Marine x2  
  165  15:17  Marauder  
  169  15:22  Siege Tank x2  
  166  15:34  Marine  
  166  15:35  Marine, Marauder  
  157  15:36  Marine, Marauder  
  157  15:41  Marine  
  157  15:42  Marauder  
  161  15:43  Medivac x2  
  161  15:49  Marine  
  168  15:50  Marauder  
  168  15:52  Marine  
  168  15:53  Marauder  
  168  15:54  Siege Tank x2  
  168  15:56  Marine  
  168  15:57  Marauder  
  180  16:03  Terran Vehicle Weapons Level 2  
  180  16:04  Factory  
  180  16:13  Sensor Tower  
  180  16:21  Sensor Tower  
  180  16:24  Marine  
  180  16:25  Marauder  
  183  16:26  Siege Tank  
  183  16:27  Marine x2  
  183  16:28  Marauder  
  184  16:47  Medivac x2  
  184  16:49  Marine, Marauder  
  191  16:58  Missile Turret  
  191  17:01  Siege Tank x2, Missile Turret  
  197  17:11  Factory Tech Lab  
  197  17:20  Marine x2  
  199  17:36  Marine  
  200  17:42  Corvid Reactor  
  200  17:46  Fusion Core  
  200  17:47  Supply Depot  
  200  17:48  Refinery x2  
  200  17:49  Refinery x2  
  200  17:55  Command Center  
  200  17:57  Command Center  
  178  18:37  Marine x2  
  178  18:38  Marauder  
  178  18:40  Marine  
  149  18:43  Marine x2  
  149  18:44  Marine, Marauder  
  131  18:52  Marine x2  
  131  18:53  Siege Tank  
  131  18:54  Siege Tank, Medivac  
  131  18:55  Medivac x2  
  138  18:59  Marauder  
  134  19:07  Marine x3  
  134  19:08  Marauder  
  139  19:14  Marine  
  139  19:15  Marauder  
  139  19:16  Marine x2, Marauder  
  146  19:22  Marine  
Tags
 
Add a new tag
Caveats
  • Supply blocks, unpowered buildings, or Contaminate may cause inaccurate times.
  • Supply counts are checked every 10 seconds.